 Dungeon Crawl Stone Soup version 0.26-a0-810-ge1a9524b62 (webtiles) character file.

Game seed: 8289587683387443723

1222 dickylongcocking the Covered (level 8, -1/64 HPs)
             Began as a Human Wanderer on Nov 13, 2020.
             Was a Follower of Kikubaaqudgha.
             Killed from afar by an orc wizard (3 damage)
             ... with a magic dart
             ... on level 5 of the Dungeon.
             The game lasted 00:06:01 (6508 turns).

dickylongcocking the Covered (Human Wanderer)       Turns: 6508, Time: 00:06:01

Health: -1/64      AC:  6    Str: 16    XL:     8   Next: 75%
Magic:  8/8        EV: 10    Int: 13    God:    Kikubaaqudgha [*.....]
Gold:   336        SH:  0    Dex: 11    Spells: 7/7 levels left

rFire    . . .     SeeInvis +   a - +2 dagger
rCold    . . .     Faith    .   (no shield)
rNeg     . . .     Spirit   .   m - +0 ring mail (curse)
rPois    .         Reflect  .   y - +1 helmet
rElec    .         Harm     .   p - +1 cloak
rCorr    .         Rampage  .   (no gloves)
MR       +....                  (no boots)
Stlth    +.........             (no amulet)
HPRegen  0.20/turn              i - ring of protection from magic
MPRegen  0.11/turn              (no ring)

@: lethally poisoned (-1 -> -1), corroded
A: see invisible, sense surroundings 1
a: Receive Corpses, Renounce Religion


You were on level 5 of the Dungeon.
You worshipped Kikubaaqudgha.
Kikubaaqudgha was aware of your devotion.
You visited 1 branch of the dungeon, and saw 5 of its levels.

You collected 336 gold pieces.

Inventory:

Hand Weapons
 a - a +2 dagger (weapon)
 c - a +0 hand axe
Missiles
 b - a curare-tipped dart (quivered)
 r - 14 poisoned darts
Armour
 e - a +0 robe
 f - a +0 ring mail
 l - a +0 helmet
 m - a cursed +0 ring mail (worn)
 p - a +1 cloak (worn)
 v - a +0 cloak
 y - a +1 helmet (worn)
 C - a +0 kite shield
Jewellery
 i - a ring of protection from magic (left hand)
 x - an uncursed ring of fire {unknown}
Wands
 d - a wand of random effects (13)
 B - a wand of flame (14)
Scrolls
 g - 5 scrolls of teleportation {unknown}
 h - 2 scrolls of immolation {unknown}
 j - 5 scrolls of identify {unknown}
 k - 5 scrolls of remove curse {unknown}
 n - a scroll of noise {unknown}
 o - a scroll of enchant weapon {unknown}
 q - 2 scrolls of blinking {unknown}
 w - 2 scrolls of fog {unknown}


   Skills:
 * Level 5.8 Fighting
 * Level 6.0 Short Blades
   Level 1.0 Bows
   Level 1.0 Crossbows
 - Level 1.0 Throwing
 - Level 6.0 Armour
 * Level 4.6 Necromancy
 - Level 1.0 Evocations


You had 7 spell levels left.
You didn't know any spells.
Your spell library contained the following spells:

 Spells                   Type           Power        Failure   Level
 Animate Skeleton         Necr           ##....       9%          1
 Pain                     Necr           ##..         9%          1
 Sublimation of Blood     Necr           ##........   12%         2
 Vampiric Draining        Necr           ##........   24%         3
 Summon Small Mammal      Summ           #...         47%         1
 Call Imp                 Summ           #.......     63%         2
 Call Canine Familiar     Summ           #.......     85%         3
 Confusing Touch          Hex            #.......     85%         3
 Gell's Gravitas          Tloc           #.........   85%         3
 Summon Guardian Golem    Hex/Summ       #.......     85%         3
 Petrify                  Tmut/Erth      #.......     99%         4
 Summon Ice Beast         Ice/Summ       #.......     99%         4
 Summon Lightning Spire   Summ/Air       #.......     99%         4
 Metabolic Englaciation   Hex/Ice        #.........   100%        5
 Yara's Violent Unravell  Hex/Tmut       #.........   100%        5


Dungeon Overview and Level Annotations

Branches:
Dungeon (5/15)
 Temple: D:4-7

Altars:
Cheibriados
Fedhas
Kikubaaqudgha
Makhleb
Vehumet
Wu Jian

Shops:
D:4 }


Innate Abilities, Weirdness & Mutations

You have supernaturally acute eyesight. (SInv)
You passively map a small area around you.


Message History

Aim: a jelly (severely wounded)
The puff of flame hits the jelly!
You kill the jelly!
Kikubaaqudgha accepts your kill.
Your Short Blades skill increases to level 6!
The orc wizard casts a spell.
The orc wizard blinks!
Unknown command.
Unknown command.
Evoke which item? (* to show all) (? for menu, Esc to quit)
Aiming: Throw Flame
Press: ? - help, Shift-Dir - straight line, f - orc wizard
Aim: an orc wizard, wielding a +0 dagger and wearing a +0 robe (fast)
The puff of flame hits the orc wizard!
The orc wizard is heavily wounded.
You feel sick.
The orc wizard points at you and mumbles some strange words.
The magic dart hits you.
You die...
Kikubaaqudgha rasps: "You have failed me!
Welcome... death!"

, * ##..# #. , ##.## ## ,
#..# # ##.## #..## ### ##..#
##.. ##.## #... #..# #...
##@## #### ##†## ###..o##
##......## ##.....##.###
####### ##§...#####..##
#...... ##
###....##.####..###...... ..
##....##......##..##......
..#
###..o.##.......####........


You could see an orc wizard (fast).

Vanquished Creatures
  Pikel (D:5)
  An ice beast (D:5)
  A phantom (D:4)
  An ogre (D:5)
  A centaur (D:5)
  A crimson imp (D:4)
  A jelly (D:5)
  2 orc priests (D:3)
  A bullfrog zombie (D:5)
  Crazy Yiuf (D:2)
  2 orc wizards
  A centaur skeleton (D:5)
  2 worker ants (D:5)
  5 adders
  2 oozes
  An adder skeleton (D:4)
  3 worms
  A dart slug (D:1)
  3 leopard geckos
  16 orcs
  A ball python (D:3)
  9 bats
  5 giant cockroaches
  10 goblins
  16 hobgoblins
  4 jackals
  7 kobolds
  2 quokkas
  7 frilled lizards
  7 rats
115 creatures vanquished.

Notes
Turn   | Place    | Note
-------+----------+-------------------------------------------
     0 | D:1      | dickylongcocking the Human Wanderer began the quest for the
                  | Orb.
     0 | D:1      | dickylongcocking set off with the following items: a +2
                  | dagger, a curare-tipped dart, a +0 hand axe, a potion of
                  | curing, a +0 robe
     0 | D:1      | Reached XP level 1. HP: 13/13 MP: 1/1
   188 | D:1      | Reached skill level 1 in Short Blades
   250 | D:1      | Reached XP level 2. HP: 19/19 MP: 2/2
   469 | D:1      | Reached skill level 1 in Fighting
   496 | D:1      | Reached XP level 3. HP: 18/26 MP: 3/3
  1351 | D:2      | Reached XP level 4. HP: 32/33 MP: 4/4
  1357 | D:2      | Found a snail-covered altar of Cheibriados.
  1599 | D:2      | Found an ancient bone altar of Kikubaaqudgha.
  1662 | D:2      | Became a worshipper of Kikubaaqudgha
  1726 | D:2      | Found a runed translucent door.
  1727 | D:2      | Noticed Crazy Yiuf
  2256 | D:2      | Killed Crazy Yiuf
  2256 | D:2      | Reached XP level 5. HP: 39/39 MP: 5/5
  2636 | D:3      | Found an ornate altar of the Wu Jian Council.
  2817 | D:3      | Found a faded altar of an unknown god.
  3226 | D:3      | Reached XP level 6. HP: 19/47 MP: 6/6
  3236 | D:3      | Reached skill level 1 in Necromancy
  3851 | D:3      | Reached * piety under Kikubaaqudgha
  3851 | D:3      | Identified Kikubaaqudgha's Almanac of Darkness
                  | (Kikubaaqudgha gifted it to you on level 3 of the Dungeon)
  3851 | D:3      | Received a gift from Kikubaaqudgha
  4075 | D:3      | Found a blossoming altar of Fedhas.
  4644 | D:4      | Found a radiant altar of Vehumet.
  4645 | D:4      | Found a burning altar of Makhleb.
  4776 | D:4      | Noticed a phantom
  4805 | D:4      | Gained mutation: You passively map a small area around you.
                  | [potion of mutation]
  4805 | D:4      | Gained mutation: You have supernaturally acute eyesight.
                  | (SInv) [potion of mutation]
  4876 | D:4      | Found Lezafoer's Gadget Shop.
  5241 | D:4      | Killed a phantom
  5241 | D:4      | Reached XP level 7. HP: 26/54 MP: 7/7
  5723 | D:5      | Entered Level 5 of the Dungeon
  6256 | D:5      | Noticed Pikel
  6268 | D:5      | Killed Pikel
  6268 | D:5      | Reached skill level 5 in Fighting
  6268 | D:5      | Reached skill level 5 in Short Blades
  6268 | D:5      | Reached XP level 8. HP: 50/63 MP: 8/8
  6506 | D:5      | HP: 3/64 [acid (8)]
  6508 | D:5      | Killed from afar by an orc wizard

Illustrated notes

Levels and vault maps discovered:
D:1:      evilmike_arrival_crescent, layout_rooms
D:2:      layout_basic, old_standard_altar, marbit_many_paths,
          uniq_crazy_yiuf_cottage
D:3:      layout_basic, fedhas_altar_4, nicolae_overflow_hidden_temple,
          chequers_ecumenical_altar_island, minmay_liquid_box
D:4:      layout_cave_pools, grunt_temple_overflow_lords_of_destruction,
          serial_shops, nicolae_shop_behind_doors
D:5:      layout_cave_pods, yredelemnul_forgotten_temple_becter,
          lemuel_coloured_pillars_altar, nrook_campfire, uniq_pikel

Skill      XL: |  1  2  3  4  5  6  7  8 |
---------------+-------------------------+-----
Short Blades   | 1 2 3 4 5 6 |  6.0
Fighting       | 1 2 3 4 5 |  5.8
Necromancy     | 2 4 |  4.6
Bows           | |  1.0
Crossbows      | |  1.0
Throwing       | |  1.0
Armour         | |  6.0
Evocations     | |  1.0

Action                   |  1- 3 |  4- 6 |  7- 9 || total
-------------------------+-------+-------+-------++-------
Melee: Dagger            |   190 |   537 |   122 ||   849
Evoke: Wand              |       |       |     9 ||     9
  Use: Potion            |     1 |    11 |       ||    12
Armor: Ring mail         |    98 |   221 |    42 ||   361
       Robe              |     1 |       |       ||     1
       Skin              |       |     6 |       ||     6
Dodge: Dodged            |   120 |   219 |    55 ||   394

Table legend: (Time is in decaauts)
 A = Elapsed time spent in this place.
 B = Non-inter-level travel time spent in this place.
 C = Inter-level travel time spent in this place.
 D = Time resting spent in this place.
 E = Time spent auto-exploring this place.
 F = Levels seen in this place.
 G = Mean time per level.
                   A        B        C        D        E       F      G
               +--------+--------+--------+--------+--------+-----+--------+
         Total |   6365 |   6237 |    128 |   1295 |   3602 |   5 | 1273.0 |
       Dungeon |   6365 |   6237 |    128 |   1295 |   3602 |   5 | 1273.0 |
               +--------+--------+--------+--------+--------+-----+--------+

Top non-repeatable levels by time:
     D:3: 1988 daAuts
     D:2: 1426 daAuts
     D:4: 1258 daAuts
     D:1: 931 daAuts
     D:5: 760 daAuts
